[ AOE2 MATCH · #507030170 ]
UnrankedPersians vs Tatars
Player's team · LOSS
Rival team · WIN
[ REPLAY ANALYSIS · EXTRACTED FROM THE RECORDED GAME ]
Feudal
11:24
Castle
—
Imperial
—
| APM avg | 67.2 |
| APM peak | 108 |
| eAPM avg | 27.8 |
| Villagers / military | 41 / 4 |
Focus
⚔️ 50.6% · 🌾 49.4%
Militia ×3 · Archer ×1
Feudal
8:51
Castle
—
Imperial
—
| APM avg | 52.4 |
| APM peak | 78 |
| eAPM avg | 17.8 |
| Villagers / military | 46 / 9 |
Focus
⚔️ 29.9% · 🌾 70.1%
Archer ×9
Match map
Initial resources + every placement click. Lines = walls · curves = elevation contours. ◆ gold · ⬟ stone · ● berries · ✦ relic · ◌ wall gap
Your base· Open — unwalled flank
YEBISU's base· Open — unwalled flank
Smoothed initial terrain · ◌ = detected wall gap · hover for details
Inputs per minute
— Learning - - YEBISU
Build order — Learning
71 actions detected in the replay
| 0:00 | Queue | Villager (Male) ×5 |
| 0:00 | Queue | Villager (Male) ×5 |
| 0:02 | Build | House |
| 0:03 | Build | House |
| 1:21 | Queue | Villager (Male) |
| 2:10 | Build | House |
| 2:11 | Build | House |
| 2:13 | Queue | Villager (Male) |
| 2:13 | Queue | Villager (Male) |
| 2:32 | Queue | Villager (Male) |
| 2:32 | Queue | Villager (Male) |
| 2:42 | Build | Lumber Camp |
| 3:07 | Queue | Villager (Male) |
| 3:07 | Queue | Villager (Male) |
| 3:34 | Queue | Villager (Male) |
| 3:35 | Queue | Villager (Male) |
| 3:52 | Queue | Villager (Male) |
| 4:12 | Queue | Villager (Male) |
| 4:44 | Queue | Villager (Male) |
| 4:45 | Queue | Villager (Male) |
| 4:50 | Build | Barracks |
| 5:05 | Queue | Villager (Male) |
| 5:05 | Queue | Villager (Male) |
| 5:32 | Queue | Villager (Male) |
| 5:54 | Queue | Militia |
| 5:54 | Queue | Militia |
| 5:54 | Queue | Militia |
| 6:14 | Queue | Villager (Male) |
| 6:14 | Queue | Villager (Male) |
| 6:19 | Queue | Villager (Male) |
| 6:19 | Queue | Villager (Male) |
| 6:57 | Queue | Villager (Male) |
| 7:03 | Build | House |
| 7:05 | Build | House |
| 7:17 | Build | Mill |
| 7:18 | Queue | Villager (Male) |
| 7:32 | Queue | Villager (Male) |
| 8:14 | Queue | Villager (Male) |
| 8:45 | Research | Loom |
| 8:57 | Research | Feudal Age |
| 9:05 | Build | Mining Camp |
| 9:53 | Queue | Villager (Male) |
| 11:01 | Build | Palisade Wall |
| 11:24 | Age | Feudal Age |
| 11:29 | Build | Archery Range |
| 11:32 | Research | Double-Bit Axe |
| 11:38 | Queue | Villager (Male) |
| 11:39 | Build | Palisade Wall |
| 11:44 | Build | Lumber Camp |
| 11:57 | Build | Blacksmith |
| 12:02 | Build | Market |
| 12:08 | Queue | Villager (Male) |
| 12:30 | Queue | Villager (Male) |
| 12:34 | Build | Farm |
| 12:35 | Build | Farm |
| 12:40 | Build | Palisade Wall |
| 12:44 | Build | Palisade Wall |
| 12:45 | Build | Palisade Wall |
| 12:51 | Queue | Villager (Male) |
| 12:54 | Build | Farm |
| 12:56 | Build | Farm |
| 13:01 | Queue | Villager (Male) |
| 13:04 | Build | House |
| 13:05 | Build | House |
| 13:20 | Build | House |
| 13:25 | Build | Farm |
| 13:44 | Queue | Villager (Male) |
| 13:53 | Build | Lumber Camp |
| 13:57 | Build | Palisade Wall |
| 14:10 | Build | Palisade Wall |
| 14:15 | Queue | Archer |
Build order — YEBISU
92 actions detected in the replay
| 0:01 | Queue | Villager (Male) |
| 0:01 | Queue | Villager (Male) |
| 0:02 | Build | House |
| 0:03 | Build | House |
| 0:08 | Queue | Villager (Male) |
| 0:13 | Queue | Villager (Male) |
| 1:28 | Queue | Villager (Male) |
| 1:44 | Build | Lumber Camp |
| 1:49 | Queue | Villager (Male) |
| 2:23 | Queue | Villager (Male) |
| 2:48 | Queue | Villager (Male) |
| 2:58 | Queue | Villager (Male) |
| 3:01 | Build | House |
| 3:44 | Queue | Villager (Male) |
| 3:45 | Queue | Villager (Male) |
| 4:08 | Queue | Villager (Male) |
| 4:24 | Queue | Villager (Male) |
| 4:34 | Build | Mill |
| 4:47 | Queue | Villager (Male) |
| 5:12 | Queue | Villager (Male) |
| 6:05 | Research | Loom |
| 6:40 | Research | Feudal Age |
| 7:26 | Build | House |
| 7:42 | Queue | Villager (Male) |
| 7:43 | Queue | Villager (Male) |
| 7:46 | Build | Barracks |
| 8:20 | Queue | Villager (Male) |
| 8:31 | Build | Palisade Wall |
| 8:38 | Build | Palisade Wall |
| 8:47 | Queue | Villager (Male) |
| 8:51 | Age | Feudal Age |
| 8:51 | Build | Palisade Wall |
| 8:53 | Build | Palisade Wall |
| 8:54 | Build | Palisade Wall |
| 8:57 | Queue | Villager (Male) |
| 9:05 | Build | Archery Range |
| 9:06 | Queue | Villager (Male) |
| 9:15 | Queue | Villager (Male) |
| 9:18 | Queue | Villager (Male) |
| 9:25 | Build | Palisade Wall |
| 9:33 | Queue | Villager (Male) |
| 9:39 | Queue | Villager (Male) |
| 9:50 | Build | Mining Camp |
| 10:06 | Queue | Villager (Male) |
| 10:07 | Build | Palisade Wall |
| 10:15 | Research | Double-Bit Axe |
| 10:21 | Queue | Archer |
| 10:36 | Build | House |
| 10:40 | Build | Palisade Wall |
| 10:42 | Build | Palisade Wall |
| 10:44 | Queue | Villager (Male) |
| 11:01 | Queue | Archer |
| 11:01 | Queue | Villager (Male) |
| 11:03 | Queue | Villager (Male) |
| 11:09 | Build | House |
| 11:29 | Build | Farm |
| 11:32 | Queue | Villager (Male) |
| 11:35 | Build | Farm |
| 11:48 | Queue | Archer |
| 11:48 | Queue | Villager (Male) |
| 11:50 | Build | House |
| 11:52 | Queue | Villager (Male) |
| 12:02 | Build | Farm |
| 12:11 | Build | Palisade Wall |
| 12:24 | Queue | Archer |
| 12:31 | Build | Farm |
| 12:33 | Queue | Villager (Male) |
| 12:34 | Build | Palisade Wall |
| 12:35 | Build | Palisade Wall |
| 12:37 | Queue | Villager (Male) |
| 12:44 | Queue | Villager (Male) |
| 12:47 | Queue | Archer |
| 13:06 | Queue | Villager (Male) |
| 13:08 | Queue | Villager (Male) |
| 13:10 | Queue | Villager (Male) |
| 13:13 | Build | Blacksmith |
| 13:16 | Queue | Archer |
| 13:34 | Build | House |
| 13:42 | Queue | Villager (Male) |
| 13:49 | Build | Farm |
| 13:50 | Research | Fletching |
| 13:58 | Queue | Villager (Male) |
| 14:00 | Build | Farm |
| 14:10 | Queue | Archer |
| 14:22 | Queue | Villager (Male) |
| 14:26 | Queue | Archer |
| 14:27 | Queue | Villager (Male) |
| 14:28 | Queue | Villager (Male) |
| 14:31 | Queue | Villager (Male) |
| 14:32 | Queue | Villager (Male) |
| 14:41 | Queue | Archer |
| 14:42 | Queue | Villager (Male) |
Match timeline
| 4:50 | Learning · first_building Barracks |
| 7:46 | YEBISU · first_building Barracks |
| 8:31 | YEBISU · wall_segment Palisade Wall x1 |
| 8:38 | YEBISU · wall_segment Palisade Wall x1 |
| 8:51 | YEBISU · age_up feudal |
| 8:51 | YEBISU · wall_segment Palisade Wall x1 |
| 8:53 | YEBISU · wall_segment Palisade Wall x1 |
| 8:54 | YEBISU · wall_segment Palisade Wall x1 |
| 9:05 | YEBISU · first_building Archery Range |
| 9:25 | YEBISU · wall_segment Palisade Wall x8 |
| 10:07 | YEBISU · wall_segment Palisade Wall x1 |
| 10:40 | YEBISU · wall_segment Palisade Wall x1 |
| 10:42 | YEBISU · wall_segment Palisade Wall x1 |
| 11:01 | Learning · wall_segment Palisade Wall x2 |
| 11:24 | Learning · age_up feudal |
| 11:29 | Learning · first_building Archery Range |
| 11:39 | Learning · wall_segment Palisade Wall x1 |
| 12:11 | YEBISU · wall_segment Palisade Wall x1 |
| 12:34 | YEBISU · wall_segment Palisade Wall x1 |
| 12:35 | YEBISU · wall_segment Palisade Wall x1 |
| 12:40 | Learning · wall_segment Palisade Wall x1 |
| 12:44 | Learning · wall_segment Palisade Wall x1 |
| 12:45 | Learning · wall_segment Palisade Wall x1 |
| 13:29 | Learning · first_market_sell 500 stone |
| 13:29 | Learning · first_market_buy 100 food |
| 13:57 | Learning · wall_segment Palisade Wall x13 |
| 14:10 | Learning · wall_segment Palisade Wall x4 |
| 14:47 | Learning · resign |
[ AI ANALYSIS · 1 CREDIT ]
What really happened in this match?
Wolo.gg analyzes every decision: build order, eco, micro, common mistakes by bracket. Personalized analysis on WhatsApp or Discord in 30 seconds.
Civ guide
Persians
Perfil
Jugador #4521457